 Dungeon Crawl Stone Soup version 0.31-a0-963-ga325b2283a (webtiles) character file.

Game seed: 3406166046269653034

141 sokol815 the Sneak (level 5, -7/31 HPs)
             Began as an Octopode Earth Elementalist on Oct 25, 2023.
             Mangled by Edmund
             ... wielding a +1 dire flail of protection
              (14 damage)
             ... on level 4 of the Dungeon.
             The game lasted 00:05:55 (2592 turns).

sokol815 the Sneak (Octopode Earth Elementalist)    Turns: 2592, Time: 00:05:56

Health: -7/31      AC:  1    Str:  8    XL:     5   Next: 24%
Magic:  4/9        EV: 13    Int: 19    God:
Gold:   103        SH:  5    Dex: 12    Spells: 5/9 levels left

rFire   . . .        a - +1 dagger (vamp)
rCold   + . .        (no shield)
rNeg    . . .        (helmet restricted)
rPois   .            l - amulet of reflection
rElec   .            C - ring of protection from cold {rC+, !d}
rCorr   .            (no ring)
SInv    .            (no ring)
Will    .....        (no ring)
Stlth   ++++         (no ring)
HPRegen 0.25/turn    (no ring)
MPRegen 0.11/turn    (no ring)
                     (no ring)

%: reflection
@: no status effects
A: almost no armour, amphibious, 8 rings, camouflage 1, gelatinous body 1,
(nimble swimmer 1), tentacles
a: no special abilities


You were on level 4 of the Dungeon.
You visited 1 branch of the dungeon, and saw 4 of its levels.

You collected 103 gold pieces.

Inventory:

Hand Weapons
 a - a +1 vampiric dagger (weapon)
   (You took it off a goblin on level 1 of the Dungeon)
 b - a +0 dagger
   (You found it on level 1 of the Dungeon)
Missiles
 s - 49 stones
Magical Staves
 h - a staff of air {rElec}
   (You found it on level 2 of the Dungeon)
Jewellery
 l - an amulet of reflection (around mantle)
   (You found it on level 3 of the Dungeon)
 C - a ring of protection from cold (left tentacle) {rC+, !d}
   (You found it on level 1 of the Dungeon)
Wands
 d - a wand of digging (6)
   (You found it on level 4 of the Dungeon)
 i - a wand of iceblast (13)
   (You found it on level 2 of the Dungeon)
 j - a wand of polymorph (4)
   (You found it on level 2 of the Dungeon)
Scrolls
 c - a scroll of revelation {unknown}
 e - 3 scrolls of noise {unknown}
 f - a scroll of immolation {unknown}
 g - 2 scrolls of vulnerability {unknown}
 O - a scroll of silence
Potions
 k - a potion of enlightenment
 m - 2 potions of invisibility {unknown}
 o - a potion of magic
 J - 2 potions of curing {@q1}
 M - a potion of might
 R - a potion of resistance
 U - a potion of mutation {!q}


   Skills:
 - Level 2.0 Dodging
 * Level 5.6 Stealth
 + Level 2.9 Spellcasting
 - Level 1.0 Transmutations
 + Level 3.8 Earth Magic


You had 5 spell levels left.
You knew the following spells:

 Your Spells              Type           Power      Damage    Failure   Level
a - Sandblast             Erth           34%        2d9       3%          1
x - Stone Arrow           Conj/Erth      20%        3d8       21%         3

Your spell library contained the following spells:

 Spells                   Type           Power      Damage    Failure   Level
 Passwall                 Tmut/Erth      10%        N/A       9%          2
 Hailstorm                Conj/Ice       2%         3d3       43%         3
 Petrify                  Tmut/Erth      12%        N/A       50%         4
 Brom's Barrelling Bould  Conj/Erth      10%        2d3       56%         4
 Summon Ice Beast         Ice/Summ       2%         N/A       83%         4
 Simulacrum               Ice/Necr       1%         N/A       100%        6


Dungeon Overview and Level Annotations

Branches:
Dungeon (4/15) Zot: 21372
 Temple: D:4-7

Altars:
Xom

Shops:
D:2 (

Annotations:
D:4 Edmund


Innate Abilities, Weirdness & Mutations

You cannot wear most types of armour.
You are amphibious.
You can wear up to eight rings at the same time.
Your skin changes colour to match your surroundings (Stealth+).
Your rubbery body absorbs attacks. (AC +1, EV +1)
((You are camouflaged when in or above water. (Stealth+)))
You have tentacles for arms and can constrict up to eight enemies at once.


Message History

The gnoll attacks as it pursues you! The gnoll hits you with a +0 club.
You take 5 damage, and have 14/31 hp.
There is a stone staircase leading up here.
You climb upwards.
There is a stone staircase leading down here.
You start resting.
Health restored: 31 You climb downwards.
The gnoll hits you with a +0 spear.
There is a stone staircase leading up here.
You take 5 damage, and have 26/31 hp.
You block the gnoll's attack.
You climb upwards.
There is a stone staircase leading down here.
Press: ? - help, Q - select action, (/) - cycle Shift-Dir - straight line, f - gnoll
Aim: a gnoll, wielding a +0 spear (84% to hit)
The blast of sand hits the gnoll!
The gnoll misses you. The gnoll completely misses you.
You now have 8/9 mp.
You hit the gnoll.
You feel better.
You grab the gnoll.
You squeeze the gnoll, but do no damage.
You constrict the gnoll.
You kill the gnoll!
Health restored: 31 You start resting.
MP restored: 9 You climb downwards.
You block the gnoll's attack. The gnoll barely misses you.
There is a stone staircase leading up here.
You hit the gnoll but do no damage. Your grab misses the gnoll.
You squeeze the gnoll. You block the gnoll's attack.
You hit the gnoll. You grab the gnoll. You constrict the gnoll.
The gnoll hits you with a +0 club.
You take 4 damage, and have 27/31 hp.
You hit the gnoll. You squeeze the gnoll.
You kill the gnoll!
No target in view!
Found an escape hatch in the ceiling.
Health restored: 31 You now have 76 gold pieces (gained 13).
There is an escape hatch in the ceiling here.
You now have 88 gold pieces (gained 12).
There is an escape hatch in the ceiling here.
d - a wand of digging (6);
m - a puce potion
m - 2 puce potions (gained 1)
Found an escape hatch in the floor.
You now have 103 gold pieces (gained 15).
Edmund the Younger comes into view.
He is wielding a +1 dire flail of protection.
Edmund shouts!
Press: ? - help, Q - select action, (/) - cycle Shift-Dir - straight line, f - Edmund
Aim: Edmund, wielding a +1 dire flail of protection and wearing a +0 chain mail (87% to hit)
The blast of sand hits Edmund but does no damage.
You now have 8/9 mp.
Press: ? - help, Q - select action, (/) - cycle Shift-Dir - straight line, f/p - Edmund
Aim: Edmund, wielding a +1 dire flail of protection and wearing a +0 chain mail (87% to hit)
The blast of sand hits Edmund but does no damage.
You block Edmund's attack.
Edmund hits you with a +1 dire flail of protection!
You take 10 damage, and have 21/31 hp.
MASSIVE DAMAGE!!
You now have 7/9 mp.
Press: ? - help, Q - select action, (/) - cycle Shift-Dir - straight line, f/p - Edmund
Aim: Edmund, wielding a +1 dire flail of protection and wearing a +0 chain mail (87% to hit)
The blast of sand hits Edmund!
Edmund misses you.
You now have 6/9 mp.
Press: ? - help, Q - select action, (/) - cycle Shift-Dir - straight line, f/p - Edmund
Aim: Edmund, wielding a +1 dire flail of protection and wearing a +0 chain mail (moderately wounded, 87% to hit)
The blast of sand hits Edmund but does no damage.
Edmund closely misses you. Edmund barely misses you.
You now have 5/9 mp.
Press: ? - help, Q - select action, (/) - cycle Shift-Dir - straight line, f/p - Edmund
Aim: Edmund, wielding a +1 dire flail of protection and wearing a +0 chain mail (moderately wounded, 87% to hit)
The blast of sand hits Edmund but does no damage.
Edmund closely misses you.
You now have 4/9 mp.
Press: ? - help, Q - select action, (/) - cycle Shift-Dir - straight line, f/p - Edmund
Aim: Edmund, wielding a +1 dire flail of protection and wearing a +0 chain mail (moderately wounded, 87% to hit)
The blast of sand hits Edmund but does no damage.
Edmund says, "I'm quite good with sums, too."
Edmund hits you with a +1 dire flail of protection!
You block Edmund's attack.
You take 6 damage, and have 16/31 hp.
You hit Edmund.
You feel better.
Your grab misses Edmund. You squeeze Edmund, but do no damage.
Edmund misses you.
You hit Edmund but do no damage. Your grab misses Edmund.
Your squeeze misses Edmund.
A worm comes into view.
Edmund closely misses you.
You hit Edmund but do no damage. You grab Edmund.
You squeeze Edmund, but do no damage. You constrict Edmund, but do no damage.
Edmund hits you with a +1 dire flail of protection!
Ouch! That really hurt!
* * * LOW HITPOINT WARNING * * *
You take 16 damage, and have 1/31 hp.
MASSIVE DAMAGE!!
You hit Edmund but do no damage. You squeeze Edmund!
You constrict Edmund, but do no damage. Edmund barely misses you.
You feel better.
You constrict Edmund.
Edmund hits you with a +1 dire flail of protection!
You die...
Edmund says, "I'd like to see a scythe do that!"

####### #.....#
#...... #......
#############......
#.@...........#>..#
#@#################
#. ... .w ### ...
#.#. #.#. #.#. ###
...


You could see Edmund and a worm.

Vanquished Creatures
  3 gnolls
  5 adders
  A worm (D:2)
  A dart slug (D:2)
  6 bats
  7 endoplasms
  2 giant cockroaches
  4 goblins
  2 hobgoblins
  8 jackals
  3 kobolds
  4 quokkas
  6 ball pythons
  2 frilled lizards
  6 rats
60 creatures vanquished.

Notes
Turn   | Place    | Note
-------+----------+-------------------------------------------
     0 | D:1      | sokol815 the Octopode Earth Elementalist began the quest
                  | for the Orb.
     0 | D:1      | Reached XP level 1. HP: 11/11 MP: 3/3
    59 | D:1      | Reached skill level 3 in Stealth
    99 | D:1      | Reached XP level 2. HP: 12/17 MP: 0/5
   428 | D:1      | Reached XP level 3. HP: 21/21 MP: 4/6
   434 | D:1      | Reached skill level 4 in Stealth
   746 | D:1      | Found a shimmering altar of Xom.
   800 | D:2      | Learned a level 3 spell: Stone Arrow
  1061 | D:2      | Found Ydeuroucol's Weapon Boutique.
  1150 | D:2      | Reached XP level 4. HP: 27/27 MP: 5/7
  1703 | D:3      | Reached skill level 5 in Stealth
  2410 | D:4      | Reached XP level 5. HP: 31/31 MP: 9/9
  2581 | D:4      | Noticed Edmund
  2590 | D:4      | HP: 1/31 [Edmund/+1 dire flail of protection (16)]
  2592 | D:4      | Mangled by Edmund

Illustrated notes

Levels and vault maps discovered:
D:1:      dpeg_arrival_water_altar, layout_rooms, minmay_tetromino_l4
D:2:      layout_basic, serial_shops, nicolae_shop_behind_doors
D:3:      layout_loops_cross, roderic_serpentine_path
D:4:      layout_loops_ring, kennysheep_mini, uniq_edmund

Skill      XL: |  1  2  3  4 |
---------------+-------------+-----
Stealth        | 3 4 5 |  5.6
Dodging        | |  2.0
Spellcasting   | |  2.9
Transmutations | |  1.0
Earth Magic    | |  3.8

Action                     |  1- 3 |  4- 6 || total
---------------------------+-------+-------++-------
  Melee: Dagger            |    26 |    28 ||    54
         Tentacles         |    12 |    11 ||    23
         Constrict         |     9 |     6 ||    15
         Punch             |     1 |       ||     1
   Cast: Sandblast         |    44 |    26 ||    70
    Use: Scroll            |       |     7 ||     7
         Potion            |       |     1 ||     1
   Stab: Sleeping          |       |     1 ||     1
 Armour: Skin              |    13 |    15 ||    28
  Dodge: Dodged            |    20 |    21 ||    41
  Block: Other             |       |     7 ||     7

Table legend: (Time is in decaauts)
 A = Elapsed time spent in this place.
 B = Non-inter-level travel time spent in this place.
 C = Inter-level travel time spent in this place.
 D = Time resting spent in this place.
 E = Time spent auto-exploring this place.
 F = Levels seen in this place.
 G = Mean time per level.
                   A        B        C        D        E       F      G
               +--------+--------+--------+--------+--------+-----+--------+
         Total |   2626 |   2583 |     43 |    166 |   2042 |   4 |  656.5 |
       Dungeon |   2626 |   2583 |     43 |    166 |   2042 |   4 |  656.5 |
               +--------+--------+--------+--------+--------+-----+--------+

Top non-repeatable levels by time:
     D:3: 962 daAuts
     D:1: 785 daAuts
     D:2: 740 daAuts
     D:4: 137 daAuts

Levels and vault maps discovered:
D:1:      dpeg_arrival_water_altar, layout_rooms, minmay_tetromino_l4
D:2:      layout_basic, serial_shops, nicolae_shop_behind_doors
D:3:      layout_loops_cross, roderic_serpentine_path
D:4:      layout_loops_ring, kennysheep_mini, uniq_edmund

Table legend: (Time is in decaauts)
 A = Elapsed time spent in this place.
 B = Non-inter-level travel time spent in this place.
 C = Inter-level travel time spent in this place.
 D = Time resting spent in this place.
 E = Time spent auto-exploring this place.
 F = Levels seen in this place.
 G = Mean time per level.
                   A        B        C        D        E       F      G
               +--------+--------+--------+--------+--------+-----+--------+
         Total |   2626 |   2583 |     43 |    166 |   2042 |   4 |  656.5 |
       Dungeon |   2626 |   2583 |     43 |    166 |   2042 |   4 |  656.5 |
               +--------+--------+--------+--------+--------+-----+--------+

Top non-repeatable levels by time:
     D:3: 962 daAuts
     D:1: 785 daAuts
     D:2: 740 daAuts
     D:4: 137 daAuts

Table legend:
 A = Kills in this place as a percentage of kills in the entire game.
 B = Kills by you in this place as a percentage of kills by you in the entire game.
 C = Kills by friends in this place as a percentage of kills by friends in the entire game.
 D = Other kills in this place as a percentage of other kills in the entire game.
 E = Experience gained in this place as a percentage of experience gained in the entire game.
 F = Experience gained in this place divided by the number of levels of this place that you have seen.
                   A       B       C       D       E      F
               +-------+-------+-------+-------+-------+----------------------
         Total | 100.0 | 100.0 |   N/A |   N/A | 100.0 |  50.5
       Dungeon | 100.0 | 100.0 |   N/A |   N/A | 100.0 |  50.5
               +-------+-------+-------+-------+-------+----------------------
